 Dungeon Crawl Stone Soup version 0.28.0-53-g5a82cb258f (webtiles) character file.

Game seed: 15691328978024721894

98 Zeld the Chopper (level 4, 0/41 HPs)
             Began as a Minotaur Berserker on May 22, 2022.
             Was a Believer of Trog.
             Slain by an adder (2 damage)
             ... on level 3 of the Dungeon.
             The game lasted 00:02:50 (2084 turns).

Zeld the Chopper (Minotaur Berserker)               Turns: 2084, Time: 00:02:50

Health: 0/41       AC:  2    Str: 24    XL:     4   Next: 43%
Magic:  3/3        EV: 12    Int:  4    God:    Trog [**....]
Gold:   44         SH:  0    Dex:  9    Spells: 3/3 levels left

rFire   . . .      SeeInvis .   a - +0 hand axe
rCold   . . .      Faith    .   (no shield)
rNeg    . . .      Spirit   .   b - +0 animal skin
rPois   .          Reflect  .   (helmet restricted)
rElec   .          Harm     .   (no cloak)
rCorr   .          Rampage  .   (no gloves)
Will    ++...                   (no boots)
Stlth   +.........              (no amulet)
HPRegen 1.13/turn               (no ring)
MPRegen 0.08/turn               (no ring)

@: lethally poisoned (0 -> 0), strong-willed, on berserk cooldown, regenerating,
slowed, very slow
A: horns 2, retaliatory headbutt
a: Renounce Religion, Berserk, Trog's Hand


You were on level 3 of the Dungeon.
You worshipped Trog.
Trog was pleased with you.
You visited 1 branch of the dungeon, and saw 3 of its levels.

You collected 44 gold pieces.

Inventory:

Hand Weapons
 a - a +0 hand axe (weapon)
Armour
 b - a +0 animal skin (worn)
Wands
 m - a wand of polymorph (5)
Scrolls
 c - a scroll of noise {unknown}
 f - a scroll of teleportation {unknown}
 g - 4 scrolls of identify {unknown}
 j - a scroll of vulnerability {unknown}
 k - a scroll of torment {unknown}
Potions
 d - a potion of flight {unknown}
 e - a potion of magic {unknown}
 h - 2 potions of curing {unknown}
 i - a potion of ambrosia {unknown}
 l - a potion of haste {unknown}
 n - a potion of might {unknown}


   Skills:
 * Level 4.6 Fighting
 * Level 4.7 Axes
 + Level 3.1 Armour
 + Level 2.9 Dodging


You had 3 spell levels left.
You didn't know any spells.
Your spell library was empty.

Dungeon Overview and Level Annotations

Branches:
Dungeon (3/15)

Altars:
Makhleb
Okawaru

Shops:
D:2 [

Portals:
Sewer: D:3


Innate Abilities, Weirdness & Mutations

You have a pair of horns on your head.
You reflexively headbutt those who attack you in melee.


Message History

You slash the worm!
Your unstable footing causes you to fumble your attack.
The worm splashes around in the water.
You slash the worm!
The worm is severely wounded.
You slash the worm! The worm bites you.
* * * LOW HITPOINT WARNING * * *
Unknown command.
You slash the worm!
You kill the worm!
Trog accepts your kill.
You hit the worm.
You kill the worm!
Trog accepts your kill.
Things that are here:
a worm corpse; a rat corpse You feel a strong urge to attack something.
An adder comes into view.
Found a glowing drain.
You are no longer berserk.
You are exhausted.
You feel yourself slow down.
The adder hisses angrily.
The adder bites you but does no damage. The adder barely misses you.
The adder misses you. The adder bites you.
* * * LOW HITPOINT WARNING * * *
You are lethally poisoned!
The adder poisons you!
Unknown command.
Your skin crawls.
You feel strong-willed.
You feel sick. The adder closely misses you.
Unknown command.
You hit the adder.
The adder is moderately wounded.
You feel sick. The adder misses you. The adder closely misses you.
Unknown command.
Your unstable footing causes you to fumble your attack.
You feel sick. The adder closely misses you. The adder bites you.
You die...

##....≈.....#
#..≈≈≈≈≈.≈.#
#####≈#≈#≈≈##
#≈≈≈≈≈≈≈≈≈.#
#≈########...
#≈†≈≈≈≈# ###
####≈#≈#
#≈≈≈†# #
#@##≈# #S#≈≈#
#≈#≈## #≈#≈
#∩#≈ ####


You could see an adder.

Vanquished Creatures
  2 adders
  A river rat (D:3)
  6 worms
  An orc (D:3)
  6 ball pythons
  5 bats
  An endoplasm (D:1)
  3 giant cockroaches
  5 goblins
  4 hobgoblins
  2 jackals (D:3)
  7 kobolds
  A quokka (D:1)
  A frilled lizard (D:3)
  7 rats
52 creatures vanquished.

Notes
Turn   | Place    | Note
-------+----------+-------------------------------------------
     0 | D:1      | Zeld the Minotaur Berserker began the quest for the Orb.
     0 | D:1      | Reached XP level 1. HP: 19/19 MP: 0/0
   162 | D:1      | Reached XP level 2. HP: 27/27 MP: 1/1
   422 | D:1      | Found a faded altar of an unknown god.
   422 | D:1      | Noticed a chaos spawn
   851 | D:2      | Found Zajos's Antique Armour Emporium.
   893 | D:2      | Reached XP level 3. HP: 11/33 MP: 2/2
  1863 | D:3      | Found an iron altar of Okawaru.
  1868 | D:3      | Reached ** piety under Trog
  1905 | D:3      | Noticed an ogre
  1930 | D:3      | Found a burning altar of Makhleb.
  2012 | D:3      | Reached XP level 4. HP: 30/41 MP: 3/3
  2080 | D:3      | Found a glowing drain.
  2084 | D:3      | HP: 2/41 [poisoned by an adder]
  2084 | D:3      | Slain by an adder

Illustrated notes

Levels and vault maps discovered:
D:1:      mrwooster_arrival_statue_3, layout_loops_cross,
          dreamdust_ecumenical_altar_sealed_demon
D:2:      minmay_kobold_bridge, layout_loops_ring, serial_aquarium,
          aquarium_bridge_square [aquarium_subvault_wall,
          aquarium_subvault_bridge, aquarium_subvault_balcony,
          aquarium_subvault_bridge], aquarium_window_corner,
          aquarium_window_fake, aquarium_window_corridor_3,
          aquarium_window_fake, aquarium_view_2a, serial_shops,
          nicolae_shop_advertising_works [nicolae_subvault_shop_adworks]
D:3:      layout_basic, bloody_makhleb, okawaru_trees_1,
          lightli_sewer_entry_pipes, hangedman_glass_teeth

Skill      XL: |  1  2  3 |
---------------+----------+-----
Fighting       | 4 |  4.6
Axes           | 4 |  4.7
Armour         | 3 |  3.1
Dodging        | |  2.9

Action                   |  1- 3 |  4- 6 || total
-------------------------+-------+-------++-------
Melee: Hand axe          |    84 |    15 ||    99
       Headbutt          |     9 |     2 ||    11
       Punch             |     1 |       ||     1
Invok: Berserk           |     2 |     1 ||     3
       Trog's Hand       |       |     1 ||     1
 Stab: Sleeping          |     1 |       ||     1
Armor: Animal skin       |    13 |     1 ||    14
Dodge: Dodged            |    60 |     9 ||    69
